 Dungeon Crawl Stone Soup version 0.26-a0-812-g31a745ddcd (webtiles) character file.

Game seed: 10816178864398887151

55 kae the Insei (level 3, -5/20 HPs)
             Began as a Tengu Transmuter on Nov 17, 2020.
             Slain by a gnoll
             ... wielding a +0 spear
              (9 damage)
             ... on level 2 of the Dungeon.
             The game lasted 00:01:47 (1917 turns).

kae the Insei (Tengu Transmuter)                    Turns: 1917, Time: 00:01:47

Health: -5/20      AC:  3    Str: 11    XL:     3   Next: 93%
Magic:  7/7        EV: 12    Int: 13    God:
Gold:   26         SH:  0    Dex: 14    Spells: 2/6 levels left

rFire    . . .     SeeInvis .     - Unarmed
rCold    . . .     Faith    .   (no shield)
rNeg     . . .     Spirit   .   a - +0 robe
rPois    .         Reflect  .   (helmet restricted)
rElec    .         Harm     .   g - +0 cloak
rCorr    .         Rampage  .   (no gloves)
MR       .....                  (boots unavailable)
Stlth    +.........             (no amulet)
HPRegen  0.06/turn              (no ring)
MPRegen  0.10/turn              (no ring)

@: no status effects
A: beak, talons 3
a: no special abilities


You were on level 2 of the Dungeon.
You visited 1 branch of the dungeon, and saw 2 of its levels.

You collected 26 gold pieces.

Inventory:

Armour
 a - a +0 robe (worn)
 g - a +0 cloak (worn)
Jewellery
 h - an uncursed amulet of guardian spirit {unknown}
Scrolls
 d - 2 scrolls of remove curse {unknown}
 e - a scroll of amnesia {unknown}
Potions
 b - 2 potions of degeneration {unknown}
 c - 2 potions of brilliance {unknown}
 f - a potion of curing {unknown}


   Skills:
 - Level 1.0 Fighting
 - Level 2.1 Dodging
 + Level 4.0 Unarmed Combat
 - Level 2.0 Spellcasting
 * Level 2.9 Transmutations


You had 2 spell levels left.
You knew the following spells:

 Your Spells              Type           Power        Failure   Level
a - Beastly Appendage     Tmut           #.....       8%          1
b - Spider Form           Tmut/Pois      #.........   38%         3

Your spell library contained the following spells:

 Spells                   Type           Power        Failure   Level
 Wereblood                Tmut           #.......     12%         2
 Ice Form                 Ice/Tmut       #.......     80%         4
 Blade Hands              Tmut           #.........   91%         5


Dungeon Overview and Level Annotations

Branches:
Dungeon (2/15)

Altars:
Ashenzari

Annotations:
D:2 Terence


Innate Abilities, Weirdness & Mutations

You have a beak for a mouth.
You have claws for feet.


Message History

[Y]es or [N]o only, please.
The spell is potentially lethal to cast (38% risk of failure)!
Continue anyway?
You turn into a venomous arachnid creature.
Your +0 cloak melds into your body.
Your +0 robe melds into your body.
The gnoll hits you from afar with a +0 spear!
The gnoll hits you with a +0 spear!
* * * LOW HITPOINT WARNING * * *
A gnoll comes into view. It is wielding a +0 spear.
Okay, then.
Your transformation is almost over.
The gnoll misses you.
You see here a giant cockroach corpse.
Your transformation has ended.
Your +0 cloak unmelds from your body.
Your +0 robe unmelds from your body.
Things that are here:
a +0 dagger; a goblin corpse You see here a +0 short sword.
There is a stone staircase leading up here.
The gnoll hits you from afar with a +0 spear!
You die...

###############
#.............###
#######.##########.....
..........).........###
.#####..###...#####.#
#.g#.....# #.#
#g.#.#..(# #.#
#.##.##.## #g#
...#####@##.##.######.#
#........##.##.##...).#
#.#########.##.##g#####
#.##.##.#
#.##.##.#######
#....##g..†....
####.##.####...
######.##g####.##
......#..†.†...#


You could see 2 gnolls.

Vanquished Creatures
  2 oozes
  2 dart slugs (D:1)
  A worm (D:2)
  A leopard gecko (D:1)
  3 bats
  2 giant cockroaches
  9 goblins
  A hobgoblin (D:1)
  3 jackals (D:1)
  2 frilled lizards
  6 kobolds
  4 rats
36 creatures vanquished.

Vanquished Creatures (others)
  A plant (D:1)
1 creature vanquished.

Grand Total: 37 creatures vanquished

Notes
Turn   | Place    | Note
-------+----------+-------------------------------------------
     0 | D:1      | kae the Tengu Transmuter began the quest for the Orb.
     0 | D:1      | Reached XP level 1. HP: 12/12 MP: 4/4
   213 | D:1      | Reached XP level 2. HP: 12/16 MP: 4/6
   701 | D:1      | Found a broken altar of Ashenzari.
   937 | D:1      | Reached XP level 3. HP: 20/20 MP: 5/7
   942 | D:1      | Learned a level 3 spell: Spider Form
   999 | D:1      | You fall into a shaft and drop 1 floor!
  1010 | D:2      | Noticed Terence
  1879 | D:2      | Reached skill level 4 in Unarmed Combat
  1917 | D:2      | Slain by a gnoll

Illustrated notes

Levels and vault maps discovered:
D:1:      wander_arrival_chamber, layout_loops_ring, serial_forest,
          infiniplex_forest_lined_3, infiniplex_forest_lined_room_3,
          infiniplex_forest_clump_curved, infiniplex_forest_straight_4,
          infiniplex_forest_lined_2, infiniplex_forest_clump_C,
          infiniplex_forest_straight_2, kennysheep_small_spiral,
          nicolae_ashenzari_panopticon
D:2:      layout_loops_ring, trog_hazing_becter, uniq_terence

Skill      XL: |  1  2  3 |
---------------+----------+-----
Transmutations | 2 |  2.9
Unarmed Combat | 4 |  4.0
Fighting       | |  1.0
Dodging        | |  2.1
Spellcasting   | |  2.0

Action                   || total
-------------------------++-------
Melee: Unarmed           ||    85
       Headbutt          ||     8
       Kick              ||    20
       Peck              ||    10
       Punch             ||     2
 Cast: Beastly Appendage ||    21
       Spider Form       ||     1
 Stab: Sleeping          ||     1
Armor: Robe              ||     4
Dodge: Dodged            ||    46

Table legend: (Time is in decaauts)
 A = Elapsed time spent in this place.
 B = Non-inter-level travel time spent in this place.
 C = Inter-level travel time spent in this place.
 D = Time resting spent in this place.
 E = Time spent auto-exploring this place.
 F = Levels seen in this place.
 G = Mean time per level.
                   A        B        C        D        E       F      G
               +--------+--------+--------+--------+--------+-----+--------+
         Total |   1912 |   1851 |     61 |      0 |   1584 |   2 |  956.0 |
       Dungeon |   1912 |   1851 |     61 |      0 |   1584 |   2 |  956.0 |
               +--------+--------+--------+--------+--------+-----+--------+

Top non-repeatable levels by time:
     D:1: 1631 daAuts
     D:2: 281 daAuts
